 Dungeon Crawl Stone Soup version 0.17-a0-1793-gcbb3aa1 (webtiles) character file.

2588 Medar the Transmogrifier (level 9, -4/54 HPs)
             Began as an Octopode Transmuter on Sept 9, 2015.
             Slain by an unseen horror (11 damage)
             ... on level 8 of the Dungeon.
             The game lasted 00:37:37 (11739 turns).

Medar the Transmogrifier (Octopode Transmuter)     Turns: 11739, Time: 00:37:37

Health: -4/54      AC:  1    Str: 11      XL:     9   Next: 58%
Magic:  14/14      EV: 12    Int: 19      God:
Gold:   367        SH:  0    Dex: 10 (12) Spells: 5 memorised, 3 levels left

rFire  + . .     SeeInvis +       - Unarmed
rCold  . . .     Clarity  .     (shield currently unavailable)
rNeg   + . .     SustAt   .     (helmet restricted)
rPois  .         Gourm    .     (no amulet)
rElec  .         Spirit   .     p - ring of positive energy
rCorr  .         Warding  .     u - ring of protection from fire
rMut   .         Stasis   .     k - ring of see invisible
MR     .....                    (no ring)
Stlth  +++.......               (no ring)
                                (no ring)
                                (no ring)
                                (no ring)

@: blade tentacles, not resistant to hostile enchantments, fairly stealthy
A: almost no armour, amphibious, 8 rings, constrict 8, camouflage 1, low mp 1,
strong 1, gelatinous body 1
a: End Transformation


You were on level 8 of the Dungeon.
You were not hungry.
You had blades for tentacles.
You visited 2 branches of the dungeon, and saw 9 of its levels.

You collected 367 gold pieces.

Inventory:

Hand weapons
 v - a +2 dagger of protection
Missiles
 a - 148 arrows
 l - 2 needles of paralysis
 q - 5 silver tomahawks (quivered)
 G - 4 tomahawks
Armour
 z - a +0 buckler (melded)
Magical staves
 b - an uncursed staff of conjuration {!a}
 e - an uncursed staff of poison {!a}
Jewellery
 k - a ring of see invisible (on tentacle)
 p - a ring of positive energy (left scythe-like blade)
 u - a ring of protection from fire (right scythe-like blade)
 y - an uncursed ring of fire
 B - an uncursed ring of teleportation
Scrolls
 d - a scroll of teleportation
 g - a scroll of fog
 i - 2 scrolls of amnesia
 s - a scroll of fear
 x - 2 scrolls of noise
 A - a scroll of identify {@r2}
 C - a scroll of immolation {unknown}
 D - a scroll of magic mapping
Potions
 f - 2 potions of agility
 h - a potion of might {unknown}
 j - 2 potions of magic
 n - 2 potions of brilliance
 t - a potion of berserk rage {unknown}
 E - a potion of cancellation {unknown}
 F - a potion of flight {unknown}
Books
 o - a book of Changes

   Spells                             Type                      Level
   a - Beastly Appendage              Transmutation                1
   b - Sticks to Snakes               Transmutation                2
   c - Spider Form                    Transmutation/Poison         3
   d - Ice Form                       Ice/Transmutation            4
   e - Blade Hands                    Transmutation                5
Comestibles
 c - 5 bread rations {@e1}
 m - a beef jerky
 r - 3 meat rations {@e2}


   Skills:
 + Level 2.0 Fighting
 + Level 2.6 Dodging
 + Level 3.5 Stealth
 - Level 4.6 Shields
 * Level 5.7 Unarmed Combat
 - Level 5.0 Spellcasting
 - Level 8.3 Transmutations
 - Level 2.6 Ice Magic
 - Level 1.0 Poison Magic


You had 3 spell levels left.
You knew the following spells:

 Your Spells              Type           Power        Failure   Level  Hunger
d - Sticks to Snakes      Trmt           #####.....   14%         2    #......
f - Spider Form           Trmt/Pois      ###.......   41%         3    ##.....
g - Ice Form              Ice/Trmt       ####....     54%         4    ####...
h - Blade Hands           Trmt           #####.....   50%         5    ######.
s - Beastly Appendage     Trmt           #####.       12%         1    None


Dungeon Overview and Level Annotations

Branches:
Dungeon (8/15)             Temple (1/1) D:6
   Lair: D:8-11

Altars:
Dithmenos
Elyvilon
Fedhas
Gozag
Kikubaaqudgha
Makhleb
Nemelex Xobeh
Okawaru
Qazlal
Ru
Sif Muna
Trog
Xom
Yredelemnul
Zin
The Shining One

Shops:
D:7 %


Innate Abilities, Weirdness & Mutations

You cannot wear most types of armour.
You are amphibious.
You can wear up to eight rings at the same time.
You can use your tentacles to constrict eight enemies at once.
Your skin changes colour to match your surroundings (Stealth).
Your rubbery body absorbs attacks (AC +1).
Your magical capacity is low (-10% MP).
Your muscles are strong. (Str +2)


Message History

The unseen horror struggles to escape constriction.
Drink which item? (? for menu, Esc to quit)
You feel better.
You constrict the unseen horror.
The unseen horror completely misses you.
The unseen horror escapes!
The unseen horror hits your adder!
Your adder dies!
You barely miss the unseen horror. You grab the unseen horror.
The unseen horror is severely wounded.
You constrict the unseen horror, but do no damage.
The unseen horror hits you!
* * * LOW HITPOINT WARNING * * *
The unseen horror struggles to escape constriction.
The unseen horror completely misses you.
Drink which item? (? for menu, Esc to quit)
Okay, then.
Unknown command.
You slash the unseen horror!
The unseen horror is almost dead.
You constrict the unseen horror. The unseen horror hits you!
You die...

#.............
##...#........
##...##........
####
##...###........
...## #....#
#........ ....##
##...##
#........
.....## ##...S#
#........
......# ##S...##
#........
......# ##S@...#
#........
......#
##..x...#
##.......
......#
##......##
##..%... .....##
##.)[....#
###.... .....#
##.......## ##..
.....#
##<.......# ##
...<##
##.........##
....#
#...........#
...##
##.#.........#


You could see an unseen horror (invisible), a friendly adder and 2 friendly ball
pythons.

Vanquished Creatures
  A water moccasin (D:7)
  Duvessa (D:7)
  A sky beast (D:7)
  5 centaurs
  3 orc warriors
  2 ogres
  A necrophage (D:5)
  An ice beast (D:5)
  2 phantoms
  A giant frog (D:6)
  Dowan (D:7)
  A wight (D:7)
  A crimson imp (D:6)
  2 giant frog zombies (D:5)
  3 hounds
  Crazy Yiuf (D:7)
  3 orc priests
  A quasit (D:8)
  4 worker ants
  7 orc wizards
  A killer bee zombie (D:7)
  12 adders
  3 gnolls (D:7)
  3 oozes
  An adder zombie (D:7)
  An adder skeleton (D:5)
  2 worms
  8 giant geckos
  30 orcs
  6 bats
  6 hobgoblins
  2 jackals (D:3)
  A quokka (D:7)
  2 ball pythons (D:5)
  11 giant cockroaches
  A giant gecko skeleton (D:4)
  3 giant newts
  5 goblins
  9 kobolds
  2 quokka skeletons
  8 rats
159 creatures vanquished.

Vanquished Creatures (collateral kills)
  4 wights (D:7)
  An orc wizard (D:4)
  A worker ant (D:4)
  An orc (D:4)
7 creatures vanquished.

Grand Total: 166 creatures vanquished

Notes
Turn   | Place    | Note
--------------------------------------------------------------
     0 | D:1      | Medar the Octopode Transmuter began the quest for the Orb.
     0 | D:1      | Reached XP level 1. HP: 13/13 MP: 3/3
    77 | D:1      | Reached XP level 2. HP: 18/18 MP: 5/5
    86 | D:1      | Learned a level 2 spell: Sticks to Snakes
   446 | D:1      | Reached skill level 4 in Unarmed Combat
   666 | D:1      | Reached XP level 3. HP: 17/23 MP: 4/6
  1089 | D:2      | Learned a level 3 spell: Spider Form
  1321 | D:2      | HP: 1/23 [poison (a potion of poison)]
  1718 | D:2      | Reached skill level 1 in Poison Magic
  2017 | D:2      | Reached XP level 4. HP: 28/28 MP: 5/7
  2773 | D:3      | Reached skill level 1 in Stealth
  3013 | D:3      | Reached XP level 5. HP: 33/33 MP: 0/8
  3790 | D:3      | Reached XP level 6. HP: 27/38 MP: 5/9
  4307 | D:4      | HP: 1/38 [orc priest/staff of poison (6)]
  4643 | D:4      | Noticed a phantom
  5270 | D:4      | Found a shadowy altar of Dithmenos.
  5365 | D:4      | Learned a level 4 spell: Ice Form
  5366 | D:5      | Entered Level 5 of the Dungeon
  5577 | D:5      | Found a deep blue altar of Sif Muna.
  5708 | D:5      | Reached skill level 1 in Ice Magic
  5708 | D:5      | Reached XP level 7. HP: 33/43 MP: 8/12
  6229 | D:5      | Found a bloodstained altar of Trog.
  6284 | D:5      | Found a burning altar of Makhleb.
  6721 | D:6      | Reached skill level 5 in Transmutations
  7484 | D:6      | Found a staircase to the Ecumenical Temple.
  7495 | Temple   | Entered the Ecumenical Temple
  7878 | D:7      | Reached XP level 8. HP: 48/48 MP: 9/13
  7890 | D:7      | Noticed Duvessa
  7890 | D:7      | Noticed Dowan
  7923 | D:7      | Gained mutation: Your muscles are strong. (Str +2) [mutagenic meat]
  7924 | D:7      | Gained mutation: Your magical capacity is low (-10% MP). [mutagenic meat]
  8468 | D:7      | Reached skill level 6 in Transmutations
  8600 | D:7      | Noticed Crazy Yiuf
  8613 | D:7      | Killed Crazy Yiuf
  8801 | D:7      | Found Jeduamis's Food Emporium.
  9053 | D:7      | Reached skill level 7 in Transmutations
  9387 | D:7      | Reached skill level 5 in Unarmed Combat
  9543 | D:7      | Reached XP level 9. HP: 37/53 MP: 7/12
  9697 | D:6      | Killed a phantom
 10253 | D:7      | Reached skill level 5 in Spellcasting
 10709 | D:7      | Killed Dowan
 10709 | D:7      | Reached skill level 8 in Transmutations
 10771 | D:7      | Killed Duvessa
 11028 | D:8      | Learned a level 5 spell: Blade Hands
 11537 | D:8      | Noticed an unseen horror
 11739 | D:8      | Slain by an unseen horror

Vault maps used:
D:1:      erik_arrival_gehennom
D:4:      overflow_temple_1_default, first_bread
D:5:      lemuel_crystal_altar, lemuel_doored_altar,
          nicolae_overflow_crystal_walls
D:6:      minmay_temple_entry_junction
D:7:      serial_shops, shop, uniq_crazy_yiuf_cottage, uniq_duvessa
D:8:      amethyst_overflow_temple_binary
Temple:   minmay_crystal_spiral_temple_12

Action                   |  1- 3 |  4- 6 |  7- 9 || total
-------------------------+-------+-------+-------++-------
Melee: Unarmed           |    70 |   149 |   287 ||   506
 Cast: Beastly Appendage |    22 |     8 |     7 ||    37
       Sticks to Snakes  |     1 |    10 |    22 ||    33
       Spider Form       |       |    19 |    28 ||    47
       Ice Form          |       |       |     6 ||     6
       Blade Hands       |       |       |     1 ||     1
 Abil: End Transformatio |       |     1 |     5 ||     6
  Use: Potion            |     3 |     1 |     3 ||     7
       Scroll            |     2 |     3 |     8 ||    13
 Stab: Sleeping          |     9 |     6 |     8 ||    23
       Distracted        |       |       |     2 ||     2
  Eat: Chunk             |     4 |    14 |    17 ||    35
       Meat ration       |       |       |     1 ||     1
       Fruit             |       |       |     2 ||     2
       Royal jelly       |       |       |     1 ||     1
       Pizza             |       |       |     1 ||     1
